 Dungeon Crawl Stone Soup version 0.27-a0-1347-gd8886f0a89 (webtiles) character file.

Game seed: 11460823412118781051

17 sanka the Ducker (level 2, 0/23 HPs)
             Began as a Djinni Gladiator on June 27, 2021.
             Slain by an endoplasm (1 damage)
             ... on level 1 of the Dungeon.
             The game lasted 00:00:44 (818 turns).

sanka the Ducker (Djinni Gladiator)                  Turns: 818, Time: 00:00:44

Health: 0/23       AC:  4    Str: 13    XL:     2   Next: 80%
Gold:   33         EV:  9    Int:  9    God:
                   SH:  0    Dex: 14

rFire    + + .     SeeInvis .     - Unarmed
rCold    x . .     Faith    .   (no shield)
rNeg     . . .     Spirit   .   a - +0 leather armour
rPois    ∞         Reflect  .   b - +0 helmet
rElec    .         Harm     .   (no cloak)
rCorr    .         Rampage  .   (no gloves)
Will     .....                  (boots unavailable)
Stlth    +.........             (no amulet)
HPRegen  0.07/turn              (no ring)
MPRegen  0.00/turn              (no ring)

@: flying, constricted
A: sickness immunity, fire resistance 2, cold vulnerability 1, float, innate
caster, hp casting, extra vitality 1
a: no special abilities


You were on level 1 of the Dungeon.
You visited 1 branch of the dungeon, and saw 1 of its levels.

You collected 33 gold pieces.


Innate Abilities, Weirdness & Mutations

You are immune to sickness and miasma.
You are immune to poison.
Your flesh is very heat resistant. (rF++)
You are vulnerable to cold. (rC-)
You float through the air rather than walking.
You learn spells naturally, not from books.
Your magical power is your life essence.
You have superior vitality. (+4 HP)


   Skills:
 - Level 2.0 Fighting
 - Level 1.5 Throwing
 - Level 3.2 Dodging
 - Level 3.0 Unarmed Combat
 + Level 1.5 Spellcasting


You had 4 spell levels left.
You didn't know any spells.
Your spell library was empty.

Inventory:

Missiles
 c - 3 throwing nets (quivered) {=f}
Armour
 a - a +0 leather armour (worn)
 b - a +0 helmet (worn)
Scrolls
 e - a scroll of enchant armour {unknown}
Potions
 d - a potion of heal wounds {unknown}
 f - a potion of brilliance {unknown}

Dungeon Overview and Level Annotations

Branches:
Dungeon (1/15)

Altars:

▒▒▒▒▒▒▒ ▒▒......▒
▒▒........ ▒....?.... ▒▒
▒.S..£.... .▒▒▒▒▒▒▒
▒.RJ......
.......▒▒▒▒▒▒▒▒).b......
.▒▒▒▒▒..................
.▒▒ ▒▒▒▒▒▒▒▒▒▒▒........
..▒▒ ▒▒ ......... ▒..▒
... ......... ▒▒†▒ ▒....
......... ▒.▒......
.....£.... ▒▒........
.......


You could see an endoplasm, a bat and a ball python.


Message History

The ball python constricts you. The goblin barely misses you.
The endoplasm hits you but does no damage.
The bat hits you but does no damage.
You closely miss the goblin. The bat closely misses you.
The ball python barely misses you. The ball python constricts you.
The goblin hits you with a +2 dagger of freezing.
The goblin freezes you.
The endoplasm hits you but does no damage.
Unknown command.
You closely miss the goblin. The bat hits you.
* * * LOW HITPOINT WARNING * * *
The ball python closely misses you. The ball python constricts you.
The goblin hits you with a +2 dagger of freezing.
* * * LOW HITPOINT WARNING * * *
The goblin freezes you.
* * * LOW HITPOINT WARNING * * *
The endoplasm completely misses you. The ball python bites you.
* * * LOW HITPOINT WARNING * * *
The ball python constricts you.
You hit the goblin.
You kill the goblin!
The bat barely misses you. The endoplasm hits you.
You die...

Action                   || total
-------------------------++-------
Melee: Unarmed           ||    66
       Punch             ||     1
 Stab: Sleeping          ||     1
Armor: Leather armour    ||    28
Dodge: Dodged            ||    51

Levels and vault maps discovered:
D:1:      dpeg_arrival_yet_another_circle, layout_rooms, grunt_decor_resistance,
          chequers_serial_rivers_large_b

Notes
Turn   | Place    | Note
-------+----------+-------------------------------------------
     0 | D:1      | sanka the Djinni Gladiator began the quest for the Orb.
     0 | D:1      | Reached XP level 1. HP: 18/18 MP: 0/0
   160 | D:1      | Reached skill level 1 in Spellcasting
   160 | D:1      | Reached XP level 2. HP: 17/23 MP: 0/0
   817 | D:1      | HP: 2/23 [goblin (4)]
   818 | D:1      | Slain by an endoplasm

Vanquished Creatures
  An endoplasm (D:1)
  4 goblins (D:1)
  2 hobgoblins (D:1)
  3 kobolds (D:1)
  2 ball pythons (D:1)
  A bat (D:1)
  4 frilled lizards (D:1)
17 creatures vanquished.
